 Dungeon Crawl Stone Soup version 0.28-a0-1235-g7c8fac35f0 (webtiles) character file.

Game seed: 6157179646608620882

200 HessuHobo the Sneak (level 5, -3/34 (39) HPs)
             Began as a Spriggan Enchanter on Dec 25, 2021.
             Slain by an orc (6 damage)
             ... on level 5 of the Dungeon.
             The game lasted 00:10:47 (3904 turns).

HessuHobo the Sneak (Spriggan Enchanter)            Turns: 3904, Time: 00:10:47

HP:   -3/34 (39)    AC: 22    Str:  4    XL:     5   Next: 49%
MP:   2/12          EV:  4    Int: 19    God:
Gold: 151           SH:  0    Dex: 15    Spells: 10/12 levels left

rFire   . . .      SeeInvis +   a - +1 dagger
rCold   + . .      Faith    .   (shield restricted)
rNeg    . . .      Spirit   .   (armour currently unavailable)
rPois   +          Reflect  .   (helmet currently unavailable)
rElec   .          Harm     .   (cloak currently unavailable)
rCorr   .          Rampage  .   (gloves unavailable)
Will    .....      NoTele   +   (boots unavailable)
Stlth   +++.......              (no amulet)
HPRegen 0.11/turn               d - ring of protection from cold
MPRegen 0.13/turn               (no ring)

@: tree-form, heavily drained
A: stationary, stasis, torment immunity, boosted hp, very small, no large
weapons, unfitting armour, see invisible, (speed 3)
a: no special abilities


You were on level 5 of the Dungeon.
You were a tree.
You visited 1 branch of the dungeon, and saw 5 of its levels.

You collected 151 gold pieces.

Inventory:

Hand Weapons
 a - a +1 dagger (weapon)
 h - a +0 short sword of holy wrath
Armour
 b - a +0 robe (melded)
Magical Staves
 g - a staff of poison
Jewellery
 d - a ring of protection from cold (left branch)
 i - an amulet of regeneration
Scrolls
 e - a scroll of enchant weapon {unknown}
 f - 4 scrolls of teleportation {unknown}
 k - a scroll of fear
 l - a scroll of amnesia {unknown}
 o - a scroll of immolation {unknown}
 q - 2 scrolls of noise {unknown}
Potions
 c - a potion of invisibility
 m - a potion of brilliance
 n - a potion of haste {unknown}
 p - 2 potions of might {unknown}
 r - a potion of resistance {unknown}


   Skills:
 - Level 2.0 Fighting
 + Level 3.5 Short Blades
 - Level 2.6 Dodging
 - Level 5.0 Stealth
 - Level 4.0 Spellcasting
 + Level 4.3 Hexes


You had 10 spell levels left.
You knew the following spells:

 Your Spells              Type           Power      Damage    Failure   Level
a - Ensorcelled Hibernat  Hex/Ice        24%        N/A       9%          2

Your spell library contained the following spells:

 Spells                   Type           Power      Damage    Failure   Level
 Confusing Touch          Hex            20%        N/A       7%          3
 Tukima's Dance           Hex            20%        N/A       7%          3
 Animate Skeleton         Necr           6%         N/A       14%         1
 Apportation              Tloc           6%         N/A       14%         1
 Summon Small Mammal      Summ           12%        N/A       14%         1
 Dazzling Flash           Conj/Hex       24%        N/A       17%         3


Dungeon Overview and Level Annotations

Branches:
Dungeon (5/15)
 Temple: D:4-7

Altars:

Portals:
Sewer: D:4

Annotations:
D:3 3 runed translucent doors, Gargoyl's ghost, amateur GnAK


Innate Abilities, Weirdness & Mutations

You are a tree.
Your roots penetrate the ground, keeping you stationary.
You cannot be teleported.
You are immune to unholy pain and torment.
Your maximum health is greatly increased.
Your equipment is partially melded.
You are very small and have problems with some larger weapons.
You are too small for most types of armour.
You have supernaturally acute eyesight. (SInv)
((You cover ground extremely quickly. (Speed+++)))


Message History

You barely miss the orc.
The orc is lightly wounded.
The orc hits you with a +0 falchion.
* * * LOW HITPOINT WARNING * * *
The necrophage barely misses you.
You hit the orc but do no damage.
The orc is lightly wounded.
The orc hits you with a +0 falchion.
* * * LOW HITPOINT WARNING * * *
You hit the orc but do no damage.
The orc is lightly wounded.
The necrophage hits you but does no damage.
The orc hits you but does no damage.
You barely miss the orc.
The orc is lightly wounded.
The necrophage hits you but does no damage.
Your magical contamination has completely faded away.
You hit the orc but do no damage.
The orc is lightly wounded.
The orc hits you but does no damage.
The necrophage hits you but does no damage.
You barely miss the orc.
The orc is lightly wounded.
The orc barely misses you.
The necrophage hits you but does no damage.
You hit the orc but do no damage.
The orc is lightly wounded.
The orc hits you but does no damage.
You hit the orc.
The orc is moderately wounded.
The necrophage hits you.
* * * LOW HITPOINT WARNING * * *
You feel drained.
* * * LOW HITPOINT WARNING * * *
The orc hits you but does no damage.
You hit the orc but do no damage.
The orc is moderately wounded.
The necrophage hits you but does no damage.
The orc hits you with a +0 falchion.
You die...

..# ########..#
#......#..# #....#......#
# #.####...##.#####n# #
#....o.##.##....#
#)####....##.# #.
#.#....#####n# #.
#.#.#..).Zo♣.# #.
#.....######## #.
###.#.......# #####.
#.#...###.# #.....
#.>.....# #######.###.
#.....#.#######...........
#)#####.........##########
#.......##.#....# #
#######.#.##....# +


You could see a necrophage, an orc and a water moccasin skeleton.

Vanquished Creatures
  A scorpion (D:5)
  An orc wizard (D:5)
  4 adders
  6 dart slugs
  6 orcs
  3 ball pythons (D:2)
  5 endoplasms
  9 giant cockroaches
  2 goblins (D:3)
  4 hobgoblins
  4 quokkas
  4 bats
  5 frilled lizards
  2 kobolds
  7 rats
63 creatures vanquished.

Notes
Turn   | Place    | Note
-------+----------+-------------------------------------------
     0 | D:1      | HessuHobo the Spriggan Enchanter began the quest for the
                  | Orb.
     0 | D:1      | Reached XP level 1. HP: 9/9 MP: 5/5
   523 | D:1      | Found a faded altar of an unknown god.
   545 | D:1      | Reached XP level 2. HP: 6/14 MP: 6/6
   741 | D:1      | Learned a level 2 spell: Ensorcelled Hibernation
  1711 | D:2      | Reached XP level 3. HP: 17/17 MP: 8/8
  1790 | D:2      | Reached skill level 5 in Stealth
  1801 | D:2      | Reached skill level 1 in Fighting
  2403 | D:3      | Reached XP level 4. HP: 18/22 MP: 7/10
  2753 | D:3      | Noticed a water moccasin
  2755 | D:3      | Noticed Gargoyl's ghost (amateur GnAK)
  2870 | D:3      | Found a runed translucent gate.
  2871 | D:3      | Found a runed translucent gate.
  2875 | D:3      | Found a runed translucent gate.
  3205 | D:4      | Found a glowing drain.
  3339 | D:5      | Entered Level 5 of the Dungeon
  3584 | D:5      | Reached XP level 5. HP: 9/26 MP: 0/12
  3862 | D:5      | Noticed a necrophage
  3904 | D:5      | Slain by an orc

Illustrated notes

Levels and vault maps discovered:
D:1:      minmay_arrival_jagged, layout_basic, basic_ecumenical_altar
D:2:      layout_basic, kennysheep_cross_bottleneck
D:3:      layout_basic, gammafunk_ghost_split, chequers_serial_rivers_large_a
D:4:      layout_cave_pools, nicolae_overflow_hidden_temple,
          lemuel_zombie_altar_kikubaaqudgha, minmay_temple_entry_mini_moons,
          portal_sewer_entry_f
D:5:      layout_basic, minmay_misc_feat_tiny, grunt_decor_cap,
          nicolae_stop_n_shop_1, minivault_25, st_stairs_10, water_maze_lemuel

Skill      XL: |  1  2  3  4  5 |
---------------+----------------+-----
Spellcasting   | 3 4 |  4.0
Stealth        | 5 |  5.0
Hexes          | 4 |  4.3
Fighting       | 1 2 |  2.0
Short Blades   | 2 3 |  3.5
Dodging        | |  2.6

Action                   |  1- 3 |  4- 6 || total
-------------------------+-------+-------++-------
Melee: Dagger            |    96 |   147 ||   243
 Cast: Ensorcelled Hiber |    18 |    28 ||    46
  Use: Scroll            |     3 |     1 ||     4
       Potion            |       |     1 ||     1
 Stab: Sleeping          |    27 |    15 ||    42
Armor: Robe              |     8 |    11 ||    19
       Skin              |       |    26 ||    26
Dodge: Dodged            |    45 |    95 ||   140

Table legend: (Time is in decaauts)
 A = Elapsed time spent in this place.
 B = Non-inter-level travel time spent in this place.
 C = Inter-level travel time spent in this place.
 D = Time resting spent in this place.
 E = Time spent auto-exploring this place.
 F = Levels seen in this place.
 G = Mean time per level.
                   A        B        C        D        E       F      G
               +--------+--------+--------+--------+--------+-----+--------+
         Total |   3128 |   3056 |     72 |   1327 |   1053 |   5 |  625.6 |
       Dungeon |   3128 |   3056 |     72 |   1327 |   1053 |   5 |  625.6 |
               +--------+--------+--------+--------+--------+-----+--------+

Top non-repeatable levels by time:
     D:1: 1127 daAuts
     D:3: 712 daAuts
     D:2: 637 daAuts
     D:5: 512 daAuts
     D:4: 138 daAuts
